Map: 드림캐처 - 래더

Players

Reynor

  • Race: Zerg Zerg
  • League: Master
  • Spawn Location: 11:00

Cure - Winner!

  • Race: Terran Terran
  • Spawn Location: 5:00

Event: HomeStory Cup XVIII

VOD

Have the link to the VOD?

Description

Time

  • Played on: Nov. 24, 2018, 12:23 p.m.
  • Length: 14:40

All games in this series

Show
View Real Time Build Order
Export as new Build Order

Reynor Zerg 

Build Orders: Pool First 

Get SALT Encoding   

  12  0:01  Drone  
  13  0:13  Overlord  
  13  0:16  Drone  
  14  0:31  Drone x2  
  16  0:42  Spawning Pool  
  15  0:44  Drone  
  15  0:49  Drone  
  17  1:09  Hatchery  
  16  1:12  Drone  
  17  1:28  Zergling x2  
  17  1:29  Zergling x4  
  17  1:32  Queen  
  22  1:34  Extractor  
  21  1:40  Overlord  
  21  1:50  Drone  
  22  2:02  Drone  
  22  2:07  Queen  
  25  2:13  Drone  
  26  2:21  Drone  
  26  2:22  Queen, Drone  
  30  2:32  Drone  
  30  2:35  Drone  
  32  2:47  Drone, Hatchery  
  32  2:51  Metabolic Boost  
  32  2:58  Overlord  
  32  3:00  Drone  
  32  3:04  Drone  
  34  3:09  Drone x2  
  34  3:12  Overlord  
  36  3:18  Queen  
  37  3:22  Drone  
  37  3:24  Zergling x2  
  37  3:26  Zergling x2  
  40  3:28  Drone  
  40  3:30  Drone  
  42  3:35  Zergling x2  
  42  3:39  Zergling x6  
  42  3:40  Zergling x2  
  47  3:42  Zergling x2  
  48  3:49  Zergling x6  
  48  3:52  Overlord  
  51  4:00  Queen  
  51  4:01  Overlord  
  53  4:03  Drone  
  53  4:07  Drone x2  
  56  4:11  Drone  
  56  4:12  Drone  
  56  4:15  Drone x2  
  60  4:17  Drone  
  60  4:22  Overlord  
  61  4:26  Drone x3  
  61  4:28  Drone  
  61  4:29  Drone  
  55  4:34  Overlord  
  53  4:39  Drone x2, Evolution Chamber  
  53  4:40  Evolution Chamber  
  53  4:42  Drone  
  54  4:45  Queen  
  54  4:52  Zergling x8  
  60  4:56  Drone x2  
  60  4:59  Queen  
  64  5:02  Zergling x2  
  64  5:03  Overlord  
  65  5:07  Zergling x4  
  65  5:12  Zerg Ground Armor Level 1  
  65  5:14  Drone x3  
  70  5:16  Zergling x4  
  70  5:19  Zerg Melee Weapons Level 1  
  72  5:22  Queen  
  72  5:25  Drone x2  
  72  5:26  Extractor  
  72  5:27  Drone  
  72  5:28  Drone  
  77  5:29  Drone  
  77  5:31  Zergling x2  
  77  5:32  Zergling x2  
  81  5:35  Drone  
  81  5:38  Queen  
  81  5:39  Zergling x4  
  85  5:46  Queen  
  85  5:47  Drone x3  
  85  5:49  Extractor, Overlord  
  89  5:50  Zergling x2  
  89  5:55  Zergling x4  
  89  5:56  Drone  
  89  5:57  Drone x2  
  95  6:00  Baneling Nest  
  94  6:06  Zergling x4  
  94  6:08  Overlord  
  96  6:13  Lair  
  96  6:14  Zergling x8  
  96  6:15  Drone x4  
  96  6:17  Drone  
  96  6:18  Extractor  
  104  6:20  Zergling x2  
  104  6:21  Overlord  
  104  6:29  Zergling x2  
  104  6:31  Zergling x2  
  106  6:37  Zergling x2  
  106  6:39  Overlord  
  107  6:43  Zergling x4  
  107  6:44  Hatchery, Zergling x4  
  110  6:48  Zergling x6  
  110  6:50  Baneling x8  
  113  6:58  Zergling x10  
  118  7:05  Extractor  
  118  7:08  Zergling x4  
  119  7:09  Drone  
  119  7:11  Overlord  
  119  7:12  Zergling x8  
  124  7:17  Zergling x2  
  124  7:18  Zergling x4  
  124  7:22  Zergling x2  
  126  7:28  Drone x2  
  128  7:31  Centrifical Hooks  
  128  7:32  Zerg Melee Weapons Level 2, Zerg Ground Armor Level 2  
  128  7:35  Drone x4  
  128  7:38  Drone  
  128  7:39  Drone  
  128  7:40  Drone  
  128  7:41  Drone x2  
  133  7:46  Zergling x6  
  133  7:49  Queen  
  133  7:50  Drone, Hatchery  
  138  7:52  Overlord  
  138  7:54  Baneling x5  
  138  7:55  Drone x2  
  140  8:01  Infestation Pit  
  140  8:03  Overlord  
  139  8:10  Overlord x2  
  139  8:11  Zergling x2  
  139  8:12  Zergling x8  
  144  8:19  Spore Crawler  
  143  8:20  Overlord  
  143  8:25  Zergling x14  
  147  8:32  Zergling x2  
  147  8:33  Zergling x12  
  151  8:38  Baneling x7  
  151  8:39  Baneling x9  
  151  8:40  Zergling x6  
  154  8:44  Extractor, Drone  
  154  8:46  Hydralisk Den  
  150  8:51  Zergling x12  
  145  9:00  Zergling x6  
  145  9:02  Overlord  
  144  9:07  Zergling x2  
  144  9:09  Drone x2  
  140  9:13  Hive  
  139  9:23  Hydralisk x14  
  159  9:29  Zergling x2  
  163  9:32  Drone x2, Hydralisk  
  163  9:38  Zergling x2  
  164  9:39  Muscular Augments  
  164  9:40  Extractor  
  164  9:45  Hydralisk x2, Zergling x2  
  165  9:46  Zergling x6  
  165  9:49  Hydralisk x2  
  165  9:51  Drone x2, Hatchery  
  176  9:55  Overlord  
  170  10:05  Zergling x6  
  170  10:06  Overlord  
  174  10:14  Drone  
  174  10:15  Overlord  
  175  10:22  Hatchery  
  175  10:27  Zerg Ground Armor Level 3  
  175  10:28  Zerg Melee Weapons Level 3  
  174  10:29  Zergling x12  
  174  10:30  Zergling x10  
  184  10:36  Overseer  
  184  10:40  Zergling x8  
  184  10:41  Zergling x10  
  190  10:43  Spire  
  190  10:48  Hatchery  
  188  10:50  Overlord  
  188  10:53  Grooved Spines  
  188  11:03  Zergling x6  
  188  11:04  Zergling x22  
  184  11:14  Zergling x16  
  184  11:15  Zergling x2  
  191  11:18  Overlord  
  191  11:20  Drone  
  191  11:23  Zergling x2  
  191  11:24  Overlord  
  192  11:28  Zergling x2  
  190  11:36  Zergling x14  
  191  11:45  Spore Crawler  
  180  11:48  Adrenal Glands  
  180  11:52  Hatchery  
  170  12:02  Drone x5  
  170  12:03  Infestor  
  170  12:04  Greater Spire  
  170  12:05  Hydralisk x3, Zergling x2  
  170  12:06  Zergling x6  
  170  12:07  Drone x2  
  183  12:08  Queen  
  182  12:16  Zergling x12  
  182  12:20  Drone x5  
  185  12:26  Drone x3  
  188  12:31  Baneling x5  
  188  12:32  Baneling x6  
  182  12:37  Overseer  
  182  12:38  Drone x3  
  179  12:48  Zergling x2  
  179  12:49  Zergling x18  
  179  12:56  Queen  
  179  12:58  Zergling x2  
  179  12:59  Zergling x14  
  163  13:13  Zergling x24  
  163  13:17  Hydralisk  
  175  13:23  Zergling x6  
  172  13:30  Zergling x6  
  168  13:45  Hydralisk  
  168  13:46  Hydralisk x7  
  172  13:53  Zergling x12  
  172  13:54  Baneling x7  
  172  13:55  Baneling x4  
  178  13:56  Overseer  
  178  13:59  Zergling x4  
  178  14:00  Zergling x14  
  184  14:06  Hydralisk x2  
  184  14:07  Zergling x4  
  179  14:16  Zergling x14  
Show
View Real Time Build Order
Export as new Build Order

Cure Terran - Winner!

Build Orders: Reaper Expand 

Get SALT Encoding   

  12  0:00  SCV  
  13  0:12  SCV  
  14  0:17  Supply Depot  
  14  0:24  SCV  
  15  0:38  SCV  
  15  0:40  Barracks  
  16  0:43  Refinery  
  16  0:50  SCV  
  17  1:03  SCV  
  18  1:15  SCV  
  19  1:27  Reaper, Orbital Command  
  20  1:39  Command Center  
  20  1:53  SCV  
  21  1:54  Supply Depot  
  21  2:00  Barracks Reactor  
  21  2:05  SCV  
  22  2:17  SCV  
  23  2:25  Command Center  
  23  2:29  SCV  
  24  2:36  Marine x2  
  26  2:41  SCV  
  27  2:44  Barracks  
  27  2:52  Orbital Command  
  27  2:56  SCV  
  28  2:59  Marine  
  28  3:00  Marine  
  29  3:08  SCV  
  29  3:09  Refinery  
  30  3:19  Factory, SCV  
  31  3:20  SCV  
  31  3:24  Marine  
  31  3:25  Marine  
  34  3:32  SCV x2  
  34  3:33  Barracks Tech Lab  
  36  3:37  Orbital Command  
  36  3:42  Marine  
  36  3:43  Marine  
  36  3:45  SCV x2  
  40  3:51  Marine  
  40  3:52  Stimpack  
  41  3:57  SCV x2  
  41  4:01  Marine x2  
  45  4:03  SCV  
  45  4:05  Starport  
  45  4:07  Factory Reactor  
  45  4:09  Marine  
  48  4:10  SCV x2  
  48  4:16  SCV  
  50  4:17  Supply Depot  
  50  4:19  Marine x2  
  52  4:26  SCV x2  
  46  4:32  Marine  
  46  4:36  SCV  
  46  4:37  Marine x2  
  46  4:38  SCV  
  48  4:39  SCV  
  49  4:48  Medivac x2, SCV  
  49  4:50  SCV  
  49  4:51  SCV  
  49  4:52  Marine  
  57  4:54  Supply Depot, Marine  
  57  4:55  Marine  
  59  5:00  SCV  
  59  5:04  Engineering Bay, SCV  
  59  5:05  Engineering Bay  
  59  5:06  SCV  
  62  5:12  Marine x3  
  65  5:16  Factory Reactor, Barracks  
  65  5:22  SCV x2  
  65  5:24  Orbital Command  
  67  5:30  Marine x3  
  67  5:33  Supply Depot  
  67  5:34  Supply Depot  
  67  5:35  Terran Infantry Weapons Level 1  
  70  5:37  Terran Infantry Armor Level 1  
  70  5:38  SCV x2  
  72  5:48  Refinery x2  
  72  5:49  SCV  
  73  5:50  SCV  
  73  5:51  SCV  
  73  5:53  Marine x2, Combat Shield  
  73  5:55  Marine  
  78  6:03  Supply Depot x2, SCV x2  
  81  6:04  SCV  
  81  6:09  Medivac x2  
  85  6:16  SCV x2  
  85  6:17  SCV  
  88  6:19  Marine x5  
  88  6:21  Factory Reactor  
  93  6:29  Barracks  
  93  6:31  SCV x2  
  93  6:32  Barracks  
  95  6:33  SCV  
  96  6:41  Armory  
  96  6:44  Marine x5  
  101  6:48  SCV x3  
  101  6:54  Supply Depot x2  
  104  7:00  SCV x3  
  107  7:01  Factory  
  107  7:02  Refinery  
  107  7:07  Marine x2  
  109  7:15  Marine x3, Medivac x2  
  120  7:16  Widow Mine x2  
  120  7:20  SCV x3  
  119  7:25  Marine x2, Barracks Reactor x2  
  119  7:28  Supply Depot x2  
  121  7:30  Terran Infantry Weapons Level 2  
  121  7:33  Marine x3  
  124  7:39  Terran Infantry Armor Level 2  
  124  7:40  SCV  
  124  7:41  SCV x2  
  125  7:45  Supply Depot  
  125  7:48  Factory Tech Lab  
  125  7:49  Widow Mine x2  
  129  8:01  Marine x6, Command Center  
  129  8:02  Medivac  
  137  8:08  Drilling Claws  
  137  8:09  Widow Mine  
  137  8:10  Medivac  
  141  8:13  Terran Vehicle And Ship Armor Level 1, Missile Turret  
  141  8:14  Marine x3  
  141  8:19  Marine  
  144  8:27  Marine x2  
  144  8:28  Marine x3  
  149  8:36  Supply Depot  
  149  8:37  Supply Depot x2  
  149  8:49  Orbital Command  
  149  8:50  Supply Depot  
  149  8:51  Marine  
  149  8:52  Marine x3  
  149  8:53  Marine x5  
  149  8:54  Widow Mine  
  149  8:56  Widow Mine x2  
  149  8:59  SCV x2  
  144  9:09  Marine x2  
  134  9:10  Marine x2  
  134  9:11  Marine x5  
  134  9:16  Widow Mine, Medivac x2  
  146  9:17  Widow Mine  
  146  9:18  Widow Mine  
  146  9:23  SCV x3  
  151  9:27  Marine  
  151  9:28  Marine x3, Command Center  
  155  9:37  Widow Mine  
  156  9:38  Widow Mine  
  156  9:39  Widow Mine  
  156  9:43  SCV x3  
  161  9:52  Sensor Tower  
  161  9:55  Marine x6  
  161  10:03  Widow Mine x3  
  167  10:09  SCV x2  
  167  10:10  SCV  
  170  10:19  Terran Infantry Weapons Level 3, Terran Infantry Armor Level 3  
  170  10:35  Barracks x2  
  160  10:36  Barracks  
  160  10:40  Marine x8  
  160  10:41  Marine  
  166  10:45  SCV x3  
  169  10:53  Medivac x2  
  173  10:58  Marine  
  173  10:59  Marine x4  
  173  11:00  Marine x4  
  164  11:16  Marine  
  164  11:23  Marine x2  
  164  11:25  Marine x2  
  164  11:26  Marine x4  
  164  11:28  Barracks Tech Lab x3  
  164  11:29  Supply Depot  
  164  11:32  Supply Depot  
  164  11:36  Planetary Fortress  
  164  11:47  Marine x3  
  164  11:49  Widow Mine, Marine x3, Sensor Tower  
  164  11:50  Marine  
  164  11:51  Widow Mine, Marine, Marauder  
  164  11:53  Marine, Marauder  
  164  11:54  Marine  
  173  11:59  SCV x3  
  174  12:05  Marine x3  
  174  12:06  Widow Mine  
  174  12:07  Marine x2  
  177  12:11  Marauder, SCV  
  177  12:15  Supply Depot, Terran Vehicle And Ship Armor Level 2  
  180  12:16  Supply Depot  
  180  12:25  Marauder  
  180  12:33  Marine x2  
  180  12:36  Marine x2, Command Center  
  180  12:37  Marine x3, Marauder x2  
  182  12:38  Concussive Shells  
  182  12:39  Marauder  
  182  12:43  Widow Mine x3  
  195  12:45  Medivac  
  196  12:54  Marine x2  
  196  12:55  Supply Depot  
  196  13:02  Marauder  
  196  13:05  Widow Mine x3  
  192  13:09  Medivac  
  192  13:12  Marine x6  
  184  13:13  Marauder x3  
  184  13:15  Medivac  
  184  13:19  Unknown  
  192  13:24  Marauder  
  189  13:28  Marine x2  
  189  13:29  Widow Mine x3  
  189  13:30  Marine x4  
  189  13:31  Unknown x3  
  192  13:34  Marauder  
  192  13:39  Medivac  
  192  13:45  Medivac  
  192  13:48  Marine x4, Marauder  
  194  13:49  Marauder  
  198  14:01  Marine  
  198  14:02  Marauder  
  200  14:09  Marine x5, Marauder  
  200  14:16  Marine x2, Marauder  
  200  14:17  Marauder  
  185  14:19  Marine  
  183  14:25  SCV x2  
  183  14:26  SCV  
Tags
 
Add a new tag
Caveats
  • Supply blocks, unpowered buildings, or Contaminate may cause inaccurate times.
  • Supply counts are checked every 10 seconds.